 Dungeon Crawl Stone Soup version 0.21.1-1-g345015f (webtiles) character file.

1270 Wander the Destroyer (level 8, -3/41 HPs)
             Began as a Tengu Air Elementalist on May 7, 2018.
             Killed by divine providence
             ... invoked by an orc priest
              (10 damage)
             ... on level 6 of the Dungeon.
             The game lasted 00:23:27 (6187 turns).

Wander the Destroyer (Tengu Air Elementalist)       Turns: 6187, Time: 00:23:28

Health: -3/41      AC:  7    Str:  9    XL:     8   Next: 53%
Magic:  4/13       EV: 13    Int: 17    God:
Gold:   252        SH:  0    Dex: 15    Spells: 4/12 levels left

rFire    . . .     SeeInvis +   (no weapon)
rCold    . . .     Gourm    .   (no shield)
rNeg     . . .     Faith    .   a - +0 robe
rPois    .         Spirit   .   (helmet restricted)
rElec    .         Reflect  .   o - +0 cloak
rCorr    .         Harm     .   j - +1 pair of gloves
MR       .....                  (boots unavailable)
Stlth    ++........             r - amulet of regeneration
HPRegen  0.53/turn              g - +2 ring of protection
MPRegen  0.13/turn              B - ring of see invisible

@: no status effects
A: beak, talons 3, able to fly 1
a: Fly


You were on level 6 of the Dungeon.
You were not hungry.

You visited 1 branch of the dungeon, and saw 6 of its levels.
You also visited: Ossuary.

You collected 252 gold pieces.

Inventory:

Missiles
 A - 4 throwing nets (quivered)
Armour
 a - a +0 robe (worn)
 j - a +1 pair of gloves (worn)
 o - a +0 cloak (worn)
Jewellery
 g - a +2 ring of protection (left hand)
 l - the ring "Weav Par" {+Fly rPois rF+++ Int-3 Slay-4, unknown}
   (You acquired it on level 6 of the Dungeon)

   [ring of flight]

   It affects your intelligence (-3).
   It affects your accuracy and damage with ranged weapons and melee attacks
   (-4).
   It renders you almost immune to fire.
   It protects you from poison.
   It lets you fly.
 q - an uncursed ring of loudness
 r - an amulet of regeneration (around neck)
 B - a ring of see invisible (right hand)
Scrolls
 f - 7 scrolls of blinking
 h - a scroll of noise {unknown}
 i - a scroll of immolation {unknown}
 k - a scroll of enchant weapon
 m - a scroll of teleportation
 t - a scroll of amnesia
 y - a scroll of acquirement
Potions
 d - a potion of resistance
 n - 4 potions of flight
 p - a potion of ambrosia
 s - 2 potions of haste
 w - a potion of heal wounds {unknown}
 z - 3 potions of curing
Books
 b - a book of Air

   Spells                             Type                      Level
   a - Shock                          Conjuration/Air              1
   b - Swiftness                      Charms/Air                   2
   c - Static Discharge               Conjuration/Air              3
   d - Airstrike                      Air                          4
   e - Lightning Bolt                 Conjuration/Air              5
Comestibles
 c - 7 rations


   Skills:
 - Level 2.1 Dodging
 - Level 2.0 Stealth
 + Level 2.8 Spellcasting
 + Level 9.7 Conjurations
 - Level 0.3 Charms
 + Level 9.1 Air Magic


You had 4 spell levels left.
You knew the following spells:

 Your Spells              Type           Power        Failure   Level  Hunger
a - Shock                 Conj/Air       ####         1%          1    #......
b - Swiftness             Chrm/Air       ###.....     3%          2    ##.....
c - Lightning Bolt        Conj/Air       ####......   10%         5    ######.


Dungeon Overview and Level Annotations

Branches:
Dungeon (6/15)
 Temple: D:4-7

Altars:
Nemelex Xobeh
Trog
The Shining One

Annotations:
D:3 Verendum's ghost, amateur HOAK
D:5 cultivahabas's ghost, novice TrMo


Innate Abilities, Weirdness & Mutations

You have a beak for a mouth.
You have claws for feet.
You can fly.


Message History

The zap hits the orc priest.
You kill the orc priest!
The zap hits the orc priest.
The orc priest is severely wounded.
The orc wizard gestures at you while chanting.
The magic dart hits you! The worker ant misses you.
The orc priest mumbles some strange prayers to Beogh against you.
Beogh smites you!
* * * LOW HITPOINT WARNING * * *
The orc wizard hits you but does no damage.
Casting: Shock
Confirm with . or Enter, or press ? or * to list all spells.
Aiming: Shock
Press: ? - help, Shift-Dir - straight line
Okay, then.
The orc wizard hits you with a dagger.
* * * LOW HITPOINT WARNING * * *
The orc priest mumbles some strange prayers to Beogh against you.
Beogh smites you!
You die...

###.# *,,,* ..#.#
#...# ..'.# *...#
..#.# ***...# '##.#
***,,.<.# a.a.#
**,,,*#..# ###.#
*,,***#..# # #.#
*,#* #..# #.#
*###.#####@.#
##.###........oa.#
##..a........###..#
......<...##** #)##
#.#.##..### #)#
#.#.#..##
****#o#*****
......##
#..........#
.##.###
#..........# ###.#
#..........#


You could see a worker ant, an orc priest and an orc wizard.

Vanquished Creatures
  An ogre (D:5)
  A phantom (D:6)
  A bullfrog (D:6)
  A scorpion (D:5)
  3 howler monkeys (D:4)
  2 crimson imps (D:5)
  A gnoll shaman (D:5)
  3 orc priests
  A centaur skeleton (D:5)
  An iguana (D:6)
  3 orc wizards
  5 worker ants
  6 big kobold zombies (Ossuary)
  A mummy (Ossuary)
  7 gnolls
  5 adders
  4 oozes
  An adder zombie (D:5)
  A worm (D:2)
  2 dart slugs (D:2)
  4 leopard geckos
  12 orcs
  2 spectral bats (Ossuary)
  A ball python (D:5)
  8 giant cockroaches
  6 gnoll zombies (Ossuary)
  7 goblins
  7 hobgoblins
  7 jackals
  20 kobolds
  A quokka (D:6)
  6 bats
  3 bat simulacra (Ossuary)
  2 frilled lizards
  3 goblin simulacra (Ossuary)
  5 goblin zombies (Ossuary)
  3 hobgoblin zombies (Ossuary)
  5 kobold simulacra (Ossuary)
  4 kobold zombies (Ossuary)
  6 orc zombies (Ossuary)
  A quokka skeleton (D:5)
  5 rats
  2 rat simulacra (Ossuary)
  5 spectral goblins (Ossuary)
  3 spectral kobolds (Ossuary)
  A spectral rat (Ossuary)
179 creatures vanquished.

Vanquished Creatures (others)
  An orc wizard (D:3)
1 creature vanquished.

Grand Total: 180 creatures vanquished

Notes
Turn   | Place    | Note
-------+----------+-------------------------------------------
     0 | D:1      | Wander the Tengu Air Elementalist began the quest for the Orb.
     0 | D:1      | Reached XP level 1. HP: 10/10 MP: 4/4
   247 | D:1      | Reached XP level 2. HP: 15/15 MP: 1/6
   327 | D:1      | Reached skill level 5 in Air Magic
   736 | D:1      | Reached XP level 3. HP: 19/19 MP: 0/7
  1225 | D:2      | Learned a level 2 spell: Swiftness
  1415 | D:2      | Found a bloodstained altar of Trog.
  1515 | D:2      | Found a sparkling altar of Nemelex Xobeh.
  1516 | D:2      | Reached XP level 4. HP: 24/24 MP: 6/8
  2461 | D:3      | Noticed Verendum's ghost (amateur HOAK)
  2688 | D:3      | Gained mutation: You can fly. [Tengu growth]
  2688 | D:3      | Reached XP level 5. HP: 19/28 MP: 4/9
  2705 | D:3      | Reached skill level 5 in Conjurations
  2709 | D:3      | HP: 1/28 [orc wizard/magic dart (4)]
  3206 | D:4      | Reached XP level 6. HP: 32/32 MP: 0/10
  3213 | D:4      | Learned a level 5 spell: Lightning Bolt
  3453 | D:4      | Found a glowing golden altar of the Shining One.
  3473 | D:4      | You fall through a shaft for 2 floors!
  3594 | D:6      | Noticed a phantom
  3675 | D:6      | Found a sand-covered staircase.
  3680 | Ossuary  | Entered an ossuary
  3899 | Ossuary  | Reached XP level 7. HP: 30/36 MP: 11/11
  4441 | D:5      | Entered Level 5 of the Dungeon
  5190 | D:4      | Reached XP level 8. HP: 41/41 MP: 6/12
  5563 | D:5      | Noticed cultivahabas's ghost (novice TrMo)
  6094 | D:6      | Identified 2 scrolls of acquirement
  6095 | D:6      | Got a heavily runed wooden ring
  6187 | D:6      | Killed from afar by an orc priest

Skill      XL: |  1  2  3  4  5  6  7  8 |
---------------+-------------------------+-----
Air Magic      | 5 6 8 9 |  9.1
Conjurations   | 2 4 6 7 8 9 |  9.7
Dodging        | |  2.1
Stealth        | |  2.0
Spellcasting   | |  2.8
Charms         | |  0.3

Action                   |  1- 3 |  4- 6 |  7- 9 || total
-------------------------+-------+-------+-------++-------
Melee: Unarmed           |     7 |   154 |   166 ||   327
       Kick              |     3 |    60 |    42 ||   105
       Peck              |       |    22 |    32 ||    54
 Cast: Shock             |    76 |   138 |   159 ||   373
       Swiftness         |       |     3 |     2 ||     5
       Lightning Bolt    |       |       |     4 ||     4
  Use: Scroll            |       |     4 |    11 ||    15
       Potion            |       |     3 |       ||     3
 Stab: Invisible         |       |     1 |       ||     1
  Eat: Chunk             |     3 |    10 |     8 ||    21
       Ration            |       |       |     1 ||     1
Armor: Robe              |     1 |    59 |    70 ||   130
Dodge: Dodged            |     9 |   106 |   149 ||   264
